 Dungeon Crawl Stone Soup version 0.29-a0-330-g52719c12eb (webtiles) character file.

Game seed: 5283775498869558296

23 kae the Firebug (level 2, 0/16 HPs)
             Began as a Tengu Fire Elementalist on Apr 14, 2022.
             Slain by a quokka (5 damage)
             ... on level 1 of the Dungeon.
             The game lasted 00:00:39 (1377 turns).

kae the Firebug (Tengu Fire Elementalist)           Turns: 1377, Time: 00:00:39

Health: 0/16       AC:  2    Str:  8    XL:     2   Next: 95%
Magic:  2/6        EV: 12    Int: 15    God:
Gold:   28         SH:  0    Dex: 14    Spells: 2/5 levels left

rFire   . . .      SeeInvis .   c - +0 whip
rCold   . . .      Faith    .   (no shield)
rNeg    . . .      Spirit   .   a - +0 robe
rPois   .          Reflect  .   (helmet restricted)
rElec   .          Harm     .   (no cloak)
rCorr   .          Rampage  .   (no gloves)
Will    .....                   (boots unavailable)
Stlth   ++........              (no amulet)
HPRegen 0.05/turn               (no ring)
MPRegen 0.10/turn               (no ring)

@: very slightly contaminated
A: beak, talons 3
a: no special abilities


You were on level 1 of the Dungeon.
You visited 1 branch of the dungeon, and saw 1 of its levels.

You collected 28 gold pieces.

Inventory:

Hand Weapons
 c - a +0 whip (weapon)
Armour
 a - a +0 robe (worn)
Scrolls
 d - a scroll of magic mapping {unknown}
 f - a scroll of teleportation {unknown}
Potions
 b - a potion of magic
 e - a potion of mutation {unknown}
 g - 3 potions of curing {unknown}
 h - a potion of berserk rage {unknown}


   Skills:
 + Level 0.7 Fighting
 + Level 2.4 Dodging
 - Level 2.0 Stealth
 + Level 2.2 Spellcasting
 + Level 2.0 Conjurations
 * Level 3.6 Fire Magic


You had 2 spell levels left.
You knew the following spells:

 Your Spells              Type           Power      Damage    Failure   Level
a - Foxfire               Conj/Fire      40%        2x1d6     7%          1
b - Scorch                Fire           24%        2d6       8%          2

Your spell library contained the following spells:

 Spells                   Type           Power      Damage    Failure   Level
 Conjure Flame            Conj/Fire      10%        6-21      21%         3
 Inner Flame              Hex/Fire       7%         N/A       30%         3
 Flame Wave               Conj/Fire      10%        2d5       54%         4


Dungeon Overview and Level Annotations

Branches:
Dungeon (1/15)

Altars:


Innate Abilities, Weirdness & Mutations

You have a beak for a mouth.
You have claws for feet.


Message History

Confirm with . or Enter, or press ? or * to list all spells.
You don't have enough magic to cast this spell.
A quokka is nearby!
The quokka closely misses you.
You closely miss the quokka. The quokka bites you. x2
You are too injured to fight recklessly!
You are too injured to fight recklessly!
A quokka is nearby!
You are too injured to fight recklessly!
You are too injured to fight recklessly!
A quokka is nearby!
You are too injured to fight recklessly!
You are too injured to fight recklessly!
A quokka is nearby!
A quokka is nearby!
You are too injured to fight recklessly!
You are too injured to fight recklessly!
A quokka is nearby!
You are too injured to fight recklessly!
You are too injured to fight recklessly!
You are too injured to fight recklessly!
You are too injured to fight recklessly!
You are too injured to fight recklessly!
You are too injured to fight recklessly!
You are too injured to fight recklessly!
You are too injured to fight recklessly!
You are too injured to fight recklessly!
You are too injured to fight recklessly!
You are too injured to fight recklessly!
You are too injured to fight recklessly!
You closely miss the quokka. You claw the quokka. Your peck misses the quokka.
The quokka is severely wounded.
The quokka closely misses you.
You hit the quokka but do no damage.
The quokka is severely wounded.
The quokka bites you.
You miss the quokka. Your peck misses the quokka.
The quokka is severely wounded.
The quokka barely misses you. The quokka bites you.
You die...

#########........#.......#...
#.........####...#.#..#...#.#
####.#########
#)..#.#..##..... #....#
#.....(..#####.. #.####
###.####.#####.. #.#
#............. #.# #######
#.####.#####.. #.#
...$...####.####.# #.. #.#
.......@†........#####.. #.#
......r.###.##..........
##.## ........#
#............. #...#
.......## #.............
#...# ....... #.....######..
#...# ....... ###.########..
##.## ####### #.#.........
#.# ######### #.#.####....
#.# #.......# #.#.####....


You could see a quokka.

Vanquished Creatures
  3 bats (D:1)
  3 endoplasms (D:1)
  A goblin (D:1)
  3 hobgoblins (D:1)
  2 jackals (D:1)
  2 kobolds (D:1)
  A quokka (D:1)
  2 ball pythons (D:1)
  A frilled lizard (D:1)
  2 rats (D:1)
20 creatures vanquished.

Vanquished Creatures (others)
  65 foxfires (D:1)
65 creatures vanquished.

Grand Total: 85 creatures vanquished

Notes
Turn   | Place    | Note
-------+----------+-------------------------------------------
     0 | D:1      | kae the Tengu Fire Elementalist began the quest for the
                  | Orb.
     0 | D:1      | Reached XP level 1. HP: 10/10 MP: 4/4
   272 | D:1      | Reached XP level 2. HP: 3/16 MP: 0/6
  1104 | D:1      | Learned a level 2 spell: Scorch
  1295 | D:1      | Found a faded altar of an unknown god.
  1377 | D:1      | Slain by a quokka

Illustrated notes

Levels and vault maps discovered:
D:1:      sevenhm_arrival_forest_fort_large_4, layout_loops_cross,
          basic_ecumenical_altar

Skill      XL: |  1  2 |
---------------+-------+-----
Conjurations   | 2 |  2.0
Fighting       | |  0.7
Dodging        | |  2.4
Stealth        | |  2.0
Spellcasting   | |  2.2
Fire Magic     | |  3.6

Action                   || total
-------------------------++-------
Melee: Unarmed           ||     3
       Whip              ||    10
       Kick              ||     2
       Peck              ||     2
 Cast: Foxfire           ||    38
       Scorch            ||     1
  Use: Potion            ||     1
Armor: Robe              ||     9
Dodge: Dodged            ||    16

Table legend: (Time is in decaauts)
 A = Elapsed time spent in this place.
 B = Non-inter-level travel time spent in this place.
 C = Inter-level travel time spent in this place.
 D = Time resting spent in this place.
 E = Time spent auto-exploring this place.
 F = Levels seen in this place.
 G = Mean time per level.
                   A        B        C        D        E       F      G
               +--------+--------+--------+--------+--------+-----+--------+
         Total |   1377 |   1377 |      0 |      0 |   1215 |   1 | 1377.0 |
       Dungeon |   1377 |   1377 |      0 |      0 |   1215 |   1 | 1377.0 |
               +--------+--------+--------+--------+--------+-----+--------+

Top non-repeatable levels by time:
     D:1: 1377 daAuts
